 Dungeon Crawl Stone Soup version 0.26.1-2-gb8aa6d0cf2 (webtiles) character file.

Game seed: 12321234169137567871

516 Golfball the Cudgeller (level 7, -7/72 HPs)
             Began as a Troll Fighter on Feb 10, 2021.
             Was an Initiate of Cheibriados.
             Mangled by an orc warrior
             ... wielding a +0 glaive
              (11 damage)
             ... on level 5 of the Dungeon.
             The game lasted 00:09:41 (3831 turns).

Golfball the Cudgeller (Troll Fighter)              Turns: 3831, Time: 00:09:41

Health: -7/72      AC:  6    Str: 26    XL:     7   Next: 0%
Magic:  6/6        EV:  8    Int:  7    God:    Cheibriados [......]
Gold:   210        SH:  9    Dex: 10    Spells: 6/6 levels left

rFire    . . .     SeeInvis .   a - +1 flail (vorpal)
rCold    . . .     Faith    .   c - +0 kite shield
rNeg     . . .     Spirit   .   b - +0 robe
rPois    .         Reflect  .   (helmet restricted)
rElec    .         Harm     .   (no cloak)
rCorr    .         Rampage  .   (gloves unavailable)
Will     .....                  (boots unavailable)
Stlth    +.........             l - amulet of inaccuracy (curse)
HPRegen  0.62/turn              (no ring)
MPRegen  0.10/turn              (no ring)

@: very slow
A: large, unfitting armour, claws 3, regeneration 1, shaggy fur 1, tough skin 3
a: Renounce Religion, Bend Time


You were on level 5 of the Dungeon.
You worshipped Cheibriados.
Cheibriados was noncommittal.
You visited 1 branch of the dungeon, and saw 5 of its levels.

You collected 210 gold pieces.

Inventory:

Hand Weapons
 a - a +1 vorpal flail (weapon)
Missiles
 f - 146 stones (quivered)
 o - 3 boomerangs
Armour
 b - a +0 robe (worn)
 c - a +0 kite shield (worn)
Jewellery
 l - a cursed amulet of inaccuracy (around neck)
Wands
 g - a wand of enslavement (5)
Scrolls
 h - 3 scrolls of teleportation
Potions
 d - a potion of might
 e - a potion of magic {unknown}
 i - a potion of flight
 j - 2 potions of curing
 k - 2 potions of ambrosia
 n - a potion of degeneration {unknown}
 p - a potion of brilliance {unknown}
Miscellaneous
 r - a lightning rod (4/4)


   Skills:
 + Level 5.0 Fighting
 + Level 5.0 Maces & Flails
 - Level 2.4 Dodging
 - Level 2.4 Shields


You had 6 spell levels left.
You didn't know any spells.
Your spell library was empty.

Dungeon Overview and Level Annotations

Branches:
Dungeon (5/15)             Temple (0/1) D:5

Altars:
Ashenzari
Cheibriados
Gozag
Kikubaaqudgha
Makhleb
Nemelex Xobeh
Uskayaw
Wu Jian
Yredelemnul


Innate Abilities, Weirdness & Mutations

You are too large for most types of armour.
You have claws for hands.
Your natural rate of healing is unusually fast.
You are covered in fur. (AC +1)
You have extremely tough skin. (AC +3)


Message History

The orc warrior hits you from afar with a +0 glaive!!
* * * LOW HITPOINT WARNING * * *
You sock the orc priest!
You kill the orc priest!
Cheibriados appreciates the change of pace.
You block the orc's attack.
The orc warrior hits you but does no damage.
Training target 5.0 for Fighting reached!
Your Fighting skill increases to level 5!
Your Maces & Flails skill increases to level 5!
You have reached level 7!
The orc hits you with a +0 hand axe.
* * * LOW HITPOINT WARNING * * *
The orc warrior hits you from afar with a +0 glaive!
* * * LOW HITPOINT WARNING * * *
You hit the orc.
The orc is moderately wounded.
The orc barely misses you.
The orc warrior hits you from afar with a +0 glaive!
You die...

,,* *,,....#,,,,*,,,,* **,,
*########...#,,,,*,,,,* *,,,
##_#_#.##...#+####************,,,
.#.#.#.⌠#........#,,***,,,,,,,,,,
........#........#,,,+,,,,,,,,,,,
........#........#,,,*,,,,,,,,,,*
.#.#.#.⌠#........#,,,*,,,,,,,,,,*
_#####8##........#+###,,,,,,,,,,*
## #####.......@o...#,,,,>,,,,,*
#####....#####'##....######*+****
.........#,,,#..#o.........,,,,,,
#####....#,,,#..#..........,,,,,,
8***#....#,,,#..+.)........,,,,,,
,,8*#....#+**#..#..........,,,,,,
,,,*#......,*#..#....#####.,,,,,*
,,,_#.......*...+....#,,,+,,,,,,*
,,.##.......#...#....#,,,*,,,,,,+


You could see an orc warrior and an orc.

Vanquished Creatures
  A howler monkey (D:4)
  2 orc priests
  A hound (D:3)
  4 orc wizards
  Natasha (twice) (D:3)
  A worker ant (D:4)
  A hound zombie (D:5)
  A gnoll (D:4)
  8 adders
  3 oozes
  An adder zombie (D:4)
  2 worms
  3 dart slugs
  12 orcs
  4 bats
  4 giant cockroaches
  3 goblins
  13 hobgoblins
  4 jackals (D:3)
  A quokka (D:3)
  A ball python (D:3)
  4 frilled lizards
  6 kobolds
  A leopard gecko skeleton (D:4)
  A quokka skeleton (D:5)
  6 rats
90 creatures vanquished.

Notes
Turn   | Place    | Note
-------+----------+-------------------------------------------
     0 | D:1      | Golfball the Troll Fighter began the quest for the Orb.
     0 | D:1      | Reached XP level 1. HP: 22/22 MP: 0/0
   253 | D:1      | Reached XP level 2. HP: 29/29 MP: 1/1
   520 | D:2      | Reached XP level 3. HP: 36/37 MP: 2/2
   768 | D:2      | HP: 2/55 [poisoned by an adder]
   773 | D:2      | HP: 2/55 [poisoned by an adder]
  1217 | D:2      | Reached XP level 4. HP: 45/45 MP: 3/3
  1352 | D:2      | Found an opulent altar of Gozag.
  1352 | D:2      | Found a broken altar of Ashenzari.
  1742 | D:3      | Found a faded altar of an unknown god.
  2020 | D:3      | Reached XP level 5. HP: 46/54 MP: 4/4
  2374 | D:3      | Noticed Natasha
  2382 | D:3      | Killed Natasha
  2924 | D:4      | Reached XP level 6. HP: 57/63 MP: 5/5
  3323 | D:3      | Noticed Natasha
  3337 | D:3      | Killed Natasha
  3697 | D:4      | Found an ornate altar of the Wu Jian Council.
  3724 | D:5      | Entered Level 5 of the Dungeon
  3740 | D:5      | Found a snail-covered altar of Cheibriados.
  3740 | D:5      | Found a burning altar of Makhleb.
  3750 | D:5      | Became a worshipper of Cheibriados the Contemplative
  3753 | D:5      | Found an ancient bone altar of Kikubaaqudgha.
  3754 | D:5      | Found a sparkling altar of Nemelex Xobeh.
  3756 | D:5      | Found a hide-covered altar of Uskayaw.
  3786 | D:5      | Found a basalt altar of Yredelemnul.
  3821 | D:5      | Noticed an orc warrior
  3828 | D:5      | Reached skill level 5 in Fighting
  3828 | D:5      | Reached skill level 5 in Maces & Flails
  3828 | D:5      | Reached XP level 7. HP: 19/72 MP: 6/6
  3830 | D:5      | HP: 3/72 [orc warrior/+0 glaive (15)]
  3831 | D:5      | Mangled by an orc warrior

Illustrated notes

Levels and vault maps discovered:
D:1:      wander_arrival_estate, layout_basic, serial_glass, glass_columns_b,
          glass_columns_b, glass_columns_a, glass_columns_a, glass_columns_a,
          glass_columns_a, glass_columns_a, glass_columns_a
D:2:      layout_basic, gammafunk_temple_overflow_statue
D:3:      minmay_evil_eye, layout_loops_corners,
          chequers_ecumenical_altar_grove, uniq_natasha
D:4:      minmay_recursive_quarters, layout_rooms, nzn_wu_jian_council_hall
D:5:      layout_gridville, minitemple, nicolae_overflow_hidden_temple,
          temple_statues, minivault_24

Skill      XL: |  1  2  3  4  5  6 |
---------------+-------------------+-----
Maces & Flails | 2 3 4 5 |  5.0
Fighting       | 3 4 5 |  5.0
Dodging        | |  2.4
Shields        | |  2.4

Action                   |  1- 3 |  4- 6 |  7- 9 || total
-------------------------+-------+-------+-------++-------
Melee: Flail             |   119 |   244 |     1 ||   364
  Use: Scroll            |     3 |     5 |       ||     8
       Potion            |     1 |       |       ||     1
 Stab: Sleeping          |       |     1 |       ||     1
Armor: Robe              |    39 |    95 |       ||   134
Dodge: Dodged            |    34 |    90 |     1 ||   125
Block: Kite shield       |    52 |   112 |       ||   164
